 Dungeon Crawl Stone Soup version 0.29-a0-11-ga75d3d97ab (webtiles) character file.

Game seed: 17786322961018443298

223 kae the Ruffian (level 5, -5/41 HPs)
             Began as a Draconian Transmuter on Jan 28, 2022.
             Killed by divine providence
             ... invoked by an orc priest
              (15 damage)
             ... on level 6 of the Dungeon.
             The game lasted 00:02:34 (3047 turns).

kae the Ruffian (Draconian Transmuter)              Turns: 3047, Time: 00:02:35

Health: -5/41      AC:  5    Str: 13    XL:     5   Next: 66%
Magic:  8/8        EV: 12    Int: 15    God:
Gold:   103        SH:  0    Dex: 11    Spells: 1/9 levels left

rFire   . . .      SeeInvis .     - Unarmed
rCold   . . .      Faith    .   (no shield)
rNeg    . . .      Spirit   .   (armour unavailable)
rPois   .          Reflect  .   (helmet restricted)
rElec   .          Harm     .   (no cloak)
rCorr   .          Rampage  .   (no gloves)
Will    .....                   (no boots)
Stlth   +.........              (no amulet)
HPRegen 0.13/turn               (no ring)
MPRegen 0.11/turn               (no ring)

@: no status effects
A: AC +5, unfitting armour, cold-blooded
a: no special abilities


You were on level 6 of the Dungeon.
You visited 1 branch of the dungeon, and saw 4 of its levels.

You collected 103 gold pieces.

Inventory:

Wands
 a - a wand of acid (9)
 d - a wand of flame (15)


   Skills:
 + Level 2.3 Fighting
 + Level 2.3 Dodging
 * Level 4.1 Unarmed Combat
 + Level 2.5 Spellcasting
 * Level 3.2 Transmutations
 * Level 0.9 Ice Magic
 * Level 1.8 Poison Magic


You had one spell level left.
You knew the following spells:

 Your Spells              Type           Power      Damage    Failure   Level
a - Beastly Appendage     Tmut           22%        N/A       5%          1
b - Spider Form           Tmut/Pois      9%         N/A       22%         3
c - Ice Form              Ice/Tmut       8%         N/A       65%         4

Your spell library contained the following spells:

 Spells                   Type           Power      Damage    Failure   Level
 Wereblood                Tmut           11%        N/A       9%          2


Dungeon Overview and Level Annotations

Branches:
Dungeon (3/15)

Altars:
Wu Jian


Innate Abilities, Weirdness & Mutations

Your plain brown scales are hard. (AC +5)
You cannot fit into any form of body armour.
You are cold-blooded and may be slowed by cold attacks.


Message History

The orc wizard explodes!
The tree burns like a torch!
You hear a shout! x2
The forest fire spreads!
An orc priest comes into view. It is wielding a +0 dagger.
The forest fire spreads!
The orc priest calls down the wrath of Beogh upon you.
Pain shoots through your body!
Found a stone staircase leading down.
An adder comes into view.
Found a stone staircase leading up.
The orc priest calls down the wrath of Beogh upon you.
You barely resist. You miss the adder. The adder closely misses you.
You closely miss the adder.
The adder bites you but does no damage. x2
You closely miss the adder. The adder bites you but does no damage.
You hit the adder.
You tail-slap the adder, but do no damage.
The adder is moderately wounded.
The adder misses you.
You miss the adder. You tail-slap the adder.
The adder is severely wounded.
The adder bites you.
You hit the adder.
The adder is severely wounded.
The adder closely misses you. The adder bites you but does no damage.
You completely miss the adder.
The adder is severely wounded.
The adder bites you.
The orc warrior hits you with a +0 scimitar!!
* * * LOW HITPOINT WARNING * * *
You closely miss the adder.
Your tail-slap misses the adder.
The adder is severely wounded.
The adder closely misses you. The orc warrior barely misses you.
You barely miss the adder.
The adder is severely wounded.
The adder bites you but does no damage.
The orc priest mumbles some strange prayers to Beogh against you.
Beogh smites you!
You die...

#.##......# .
#..o#.......
###.###.....#
..#.# #######
#<#.######
#.#.o....#
#.######.#
#S# #o# #@#
#.# #o# #.#
#o######o#
#.o....o>#
##########


You could see an orc warrior, an orc priest, an orc wizard and an adder.

Vanquished Creatures
  Natasha (thrice) (D:2)
  An orc wizard (D:6)
  Ijyb (D:3)
  3 adders
  2 worms (D:2)
  5 dart slugs
  5 orcs (D:3)
  4 endoplasms
  5 giant cockroaches
  4 goblins
  6 hobgoblins
  2 quokkas
  5 ball pythons
  4 bats
  A frilled lizard (D:2)
  5 kobolds
  A rat (D:1)
57 creatures vanquished.

Notes
Turn   | Place    | Note
-------+----------+-------------------------------------------
     0 | D:1      | kae the Draconian Transmuter began the quest for the Orb.
     0 | D:1      | Reached XP level 1. HP: 16/16 MP: 3/3
   178 | D:1      | Reached XP level 2. HP: 18/23 MP: 3/5
   904 | D:1      | Found a faded altar of an unknown god.
  1080 | D:2      | Reached XP level 3. HP: 28/28 MP: 6/6
  1084 | D:2      | Learned a level 3 spell: Spider Form
  1801 | D:2      | Reached XP level 4. HP: 32/36 MP: 5/7
  1956 | D:2      | Noticed Natasha
  1968 | D:2      | Killed Natasha
  1969 | D:2      | Reached skill level 1 in Poison Magic
  2185 | D:2      | Noticed Natasha
  2194 | D:2      | Killed Natasha
  2329 | D:2      | Noticed Natasha
  2335 | D:2      | Killed Natasha
  2336 | D:2      | Reached XP level 5. HP: 28/41 MP: 4/8
  2693 | D:2      | Learned a level 4 spell: Ice Form
  2760 | D:3      | Reached skill level 4 in Unarmed Combat
  2903 | D:3      | Noticed Ijyb
  2916 | D:3      | Killed Ijyb
  3005 | D:3      | You fall into a shaft and drop 3 floors!
  3005 | D:6      | Found an ornate altar of the Wu Jian Council.
  3007 | D:6      | Noticed an orc warrior
  3047 | D:6      | Killed from afar by an orc priest

Illustrated notes

Levels and vault maps discovered:
D:1:      minmay_arrival_five_plusses, layout_basic,
          ebering_ecumenical_altar_abandoned, roderic_lattice_a
D:2:      layout_basic, uniq_natasha
D:3:      layout_basic, portal_sewer_entry_d, uniq_ijyb
D:6:      layout_loops_ring, nicolae_wu_jian_wuxing_cycle, uniq_blork_the_orc,
          uniq_pikel, uniq_grinder

Skill      XL: |  1  2  3  4  5 |
---------------+----------------+-----
Dodging        | 2 |  2.3
Poison Magic   | 1 |  1.8
Fighting       | 2 |  2.3
Transmutations | 3 |  3.2
Unarmed Combat | 4 |  4.1
Spellcasting   | |  2.5
Ice Magic      | |  0.9

Action                   |  1- 3 |  4- 6 || total
-------------------------+-------+-------++-------
Melee: Unarmed           |    77 |    76 ||   153
       Punch             |     4 |       ||     4
       Kick              |    17 |     5 ||    22
       Headbutt          |    11 |     2 ||    13
       Tailslap          |     4 |     8 ||    12
 Cast: Beastly Appendage |    23 |     5 ||    28
       Spider Form       |       |     5 ||     5
Evoke: Wand              |       |     1 ||     1
  Use: Scroll            |     1 |     3 ||     4
       Potion            |       |     2 ||     2
 Stab: Sleeping          |     1 |     1 ||     2
Armor: Skin              |    30 |    18 ||    48
Dodge: Dodged            |    40 |    39 ||    79

Table legend: (Time is in decaauts)
 A = Elapsed time spent in this place.
 B = Non-inter-level travel time spent in this place.
 C = Inter-level travel time spent in this place.
 D = Time resting spent in this place.
 E = Time spent auto-exploring this place.
 F = Levels seen in this place.
 G = Mean time per level.
                   A        B        C        D        E       F      G
               +--------+--------+--------+--------+--------+-----+--------+
         Total |   3054 |   2983 |     71 |      0 |   2397 |   4 |  763.5 |
       Dungeon |   3054 |   2983 |     71 |      0 |   2397 |   4 |  763.5 |
               +--------+--------+--------+--------+--------+-----+--------+

Top non-repeatable levels by time:
     D:2: 1702 daAuts
     D:1: 1057 daAuts
     D:3: 252 daAuts
     D:6: 41 daAuts
